 Dungeon Crawl Stone Soup version 0.31.0-32-g396128a36d (webtiles) character file.

Game seed: 3388524430739749413

195 spaghetti the Slasher (level 5, -15/41 HPs)
             Began as a Demonspawn Chaos Knight on Mar 22, 2024.
             Was a Plaything of Xom.
             Demolished by an iguana (18 damage)
             ... on level 5 of the Dungeon.
             The game lasted 00:02:33 (3299 turns).

spaghetti the Slasher (Demonspawn Chaos Knight)     Turns: 3299, Time: 00:02:34

Health: -15/41     AC:  3    Str: 18    XL:     5   Next: 45%
Magic:  5/5        EV: 11    Int: 11    God:    Xom [......]
Gold:   115        SH:  0    Dex: 14    Spells: 4/4 levels left

rFire   + . .        a - +0 falchion (chaos)
rCold   . . .        (no shield)
rNeg    . . .        i - +1 robe {rF+}
rPois   .            (no helmet)
rElec   .            (no cloak)
rCorr   .            (no gloves)
SInv    .            (no boots)
Will    .....        d - amulet of magic regeneration
Stlth   +            e - +6 ring of strength
HPRegen 0.26/turn    (no ring)
MPRegen 0.49/turn

%: no passive effects
@: no status effects
A: demonic guardian 1, weakness stinger 2, dopey 1
a: Renounce Religion


You were on level 5 of the Dungeon.
You worshipped Xom.
You were a very special plaything of Xom.
You visited 1 branch of the dungeon, and saw 5 of its levels.

You collected 233 gold pieces.
You spent 118 gold pieces at shops.

Inventory:

Hand Weapons
 a - a +0 falchion of chaos (weapon)
Missiles
 g - 29 stones (quivered)
Armour
 i - a +1 robe of fire resistance (worn)
Jewellery
 d - an amulet of magic regeneration (around neck)
 e - a +6 ring of strength (left hand)
Scrolls
 b - 4 scrolls of identify
 c - 2 scrolls of butterflies
 h - 4 scrolls of teleportation
 j - a scroll of poison {unknown}
 l - a scroll of brand weapon {unknown}
Potions
 f - a potion of heal wounds
 k - a potion of lignification {unknown}


   Skills:
 - Level 3.0 Fighting
 + Level 5.7 Long Blades
 - Level 1.7 Armour
 - Level 0.8 Dodging


You had 4 spell levels left.
You didn't know any spells.
Your spell library contained the following spells:

 Spells                   Type           Power      Damage    Failure   Level
 Sting                    Conj/Alch      0%         1d3       34%         1
 Summon Small Mammal      Summ           0%         N/A       34%         1
 Mercury Vapours          Alch/Air       0%         N/A       47%         2
 Call Canine Familiar     Summ           0%         N/A       71%         3
 Dazzling Flash           Conj/Hex       0%         N/A       71%         3
 Volatile Blastmotes      Fire/Tloc      0%         2d10      71%         3
 Olgreb's Toxic Radiance  Alch           0%         N/A       98%         4
 Summon Blazeheart Golem  Fire/Summ      0%         N/A       98%         4
 Starburst                Conj/Fire      0%         6d3       100%        6
 Maxwell's Capacitive Co  Air            0%         ∞         100%        8


Dungeon Overview and Level Annotations

Branches:
Dungeon (5/15)             Temple (0/1) D:5

Altars:

Shops:
D:2 [


Innate Abilities, Weirdness & Mutations

A weak demonic guardian rushes to your aid.
You have a tail ending in a sharp stinger.
You are dopey. (Int -2)


Message History

No target in view!
No target in view!
No target in view!
No target in view!
No target in view!
No target in view!
No target in view!
No target in view!
No target in view!
No target in view!
No target in view!
No target in view!
No target in view!
No target in view!
No target in view!
An iguana is nearby!
No reachable target in view!
No reachable target in view!
No reachable target in view!
No reachable target in view!
No reachable target in view!
No reachable target in view!
No reachable target in view!
No reachable target in view!
The iguana bites you!
You hit the iguana but do no damage. The iguana bites you.
You are too injured to fight recklessly!
You hit the iguana.
The acid corrodes the iguana!
The iguana is moderately wounded.
The iguana bites you.
You hit the iguana.
The iguana flies into a frenzy!
The iguana is heavily wounded.
The iguana bites you!!
* * * LOW HITPOINT WARNING * * *
A demonic guardian appears!
You completely miss the iguana.
Your tail-slap misses the iguana.
The iguana is heavily wounded.
The iguana bites you!!
You die...
Xom bursts into laughter!

> .## # ..#
#####..
#.###......
#.##.....#
#$##5#...##.
#.#.@.......
###...#l#.####
###...###.# .#
#...###...##.#
#.#........#..
#...##..>..##..
##...#.)......#
#.#.##...###.
#.#..#.###...


You could see a neutral iguana (fast, strong, frenzied, corroded, ally target)
and a friendly quasit (summoned).

Vanquished Creatures
  A scorpion (D:4)
  2 hounds (D:4)
  3 adders
  4 orcs
  2 endoplasms
  A giant cockroach (D:2)
  4 goblins
  5 hobgoblins
  5 kobolds
  2 quokkas
  5 ball pythons
  7 bats
  2 frilled lizards
  5 rats
48 creatures vanquished.

Vanquished Creatures (collateral kills)
  An orc (D:4)
  A frilled lizard (D:3)
2 creatures vanquished.

Grand Total: 50 creatures vanquished

Notes
Turn   | Place    | Note
-------+----------+-------------------------------------------
     0 | D:1      | spaghetti the Demonspawn Chaos Knight began the quest for
                  | the Orb.
     0 | D:1      | Reached XP level 1. HP: 18/18 MP: 1/1
    23 | D:1      | XOM: potion effect (brilliance)
    57 | D:1      | XOM: divination: magic mapping
    75 | D:1      | Reached skill level 3 in Long Blades
   224 | D:1      | Gained mutation: You have a small tail. [demonic ancestry]
   224 | D:1      | Reached XP level 2. HP: 23/24 MP: 2/2
   319 | D:1      | XOM: smoke on damage
   468 | D:1      | Found a faded altar of an unknown god.
   849 | D:2      | Identified the +5 ring mail of the Sneaky Orbs {rC+ Int+3
                  | Stlth+}
   869 | D:2      | Gained mutation: You have a tail ending in a sharp stinger.
                  | [demonic ancestry]
   869 | D:2      | Reached XP level 3. HP: 25/29 MP: 3/3
   941 | D:2      | Found Vuliu's Antique Armour Emporium.
   949 | D:2      | Bought a glowing robe for 118 gold pieces
  1134 | D:2      | Reached skill level 4 in Long Blades
  1173 | D:2      | XOM: god gift: 5 stones
  1240 | D:2      | XOM: cloud trail
  1619 | D:3      | XOM: smoke on damage
  1765 | D:3      | XOM: 2-stop teleportation journey
  2129 | D:4      | XOM: potion effect (attraction)
  2136 | D:4      | Gained mutation: A weak demonic guardian rushes to your
                  | aid. [demonic ancestry]
  2136 | D:4      | Reached XP level 4. HP: 22/35 MP: 4/4
  2242 | D:4      | Noticed a scorpion
  2251 | D:4      | XOM: confuse monster(s)
  2255 | D:4      | Killed a scorpion
  2256 | D:4      | Reached skill level 5 in Long Blades
  2256 | D:4      | Reached XP level 5. HP: 38/41 MP: 5/5
  2262 | D:4      | XOM: silly message
  2582 | D:4      | Identified the +0 spear of the Everdark {flame, rN+ Will+
                  | rCorr SInv}
  2705 | D:4      | XOM: summons friendly white imp
  2812 | D:4      | XOM: cloud trail
  2919 | D:3      | XOM: silly message
  3164 | D:4      | XOM: give mutation
  3164 | D:4      | Gained mutation: You are dopey. (Int -2) [Xom's mischief]
  3241 | D:5      | Entered Level 5 of the Dungeon
  3267 | D:5      | Found a staircase to the Ecumenical Temple.
  3299 | D:5      | Demolished by an iguana

Illustrated notes

Levels and vault maps discovered:
D:1:      dreamdust_arrival_sigmund_warning, layout_basic,
          basic_ecumenical_altar
D:2:      layout_basic, serial_shops, shop, serial_aquarium,
          aquarium_bridge_long_joined [aquarium_subvault_bridge,
          aquarium_subvault_bridge, aquarium_subvault_wall,
          aquarium_subvault_bridge, aquarium_subvault_bridge,
          aquarium_subvault_wall], aquarium_window_fake, aquarium_window_1,
          aquarium_window_3, aquarium_view_2d, aquarium_view_2a,
          aquarium_balcony_3b, aquarium_pool_1
D:3:      layout_loops_ring, hangedman_decor_push,
          nicolae_concentric_dashed_squares_mild
D:4:      layout_basic, kennysheep_windowed_goal
D:5:      minmay_evil_eye, layout_loops_ring, mainiacjoe_overflow_tiny_flanked,
          mainiacjoe_overflow_paths, minmay_temple_entry_slanted

Skill      XL: |  1  2  3  4 |
---------------+-------------+-----
Long Blades    | 3 4 5 |  5.7
Fighting       | |  3.0
Armour         | |  1.7
Dodging        | |  0.8

Action                     |  1- 3 |  4- 6 || total
---------------------------+-------+-------++-------
  Melee: Falchion          |   101 |    54 ||   155
         Tailslap          |     5 |     4 ||     9
         Punch             |     1 |     1 ||     2
    Use: Scroll            |     2 |       ||     2
         Potion            |       |     2 ||     2
   Stab: Sleeping          |     1 |     1 ||     2
         Distracted        |     1 |       ||     1
         Confused          |       |     1 ||     1
 Armour: Leather armour    |    31 |       ||    31
         Robe              |    25 |    25 ||    50
  Dodge: Dodged            |    57 |    31 ||    88
